 Dungeon Crawl Stone Soup version 0.26-a0-712-ga5a9c9c9d0 (webtiles) character file.

Game seed: 6098459058389301606

28 Azzok the Skirmisher (level 3, 30/30 HPs)
             Began as a Demonspawn Fighter on Nov 4, 2020.
             Quit the game on level 1 of the Dungeon.
             The game lasted 00:00:57 (792 turns).

Azzok the Skirmisher (Demonspawn Fighter)            Turns: 792, Time: 00:00:57

Health: 30/30      AC:  8    Str: 17    XL:     3   Next: 0%
Magic:  3/3        EV:  4    Int:  9    God:
Gold:   50         SH:  9    Dex: 14    Spells: 2/2 levels left

rFire    . . .     SeeInvis .   a - +0 war axe
rCold    . . .     Faith    .   c - +0 kite shield
rNeg     . . .     Spirit   .   k - +0 chain mail
rPois    .         Reflect  .   (no helmet)
rElec    .         Harm     .   (no cloak)
rCorr    .         Rampage  .   (no gloves)
MR       .....                  (no boots)
Stlth    ..........             (no amulet)
HPRegen  0.10/turn              (no ring)
MPRegen  0.08/turn              (no ring)

@: no status effects
A: thin skeletal structure 1, spiny 1
a: no special abilities


You were on level 1 of the Dungeon.
You visited 1 branch of the dungeon, and saw 1 of its levels.

You collected 50 gold pieces.

Inventory:

Hand Weapons
 a - a +0 war axe (weapon)
Armour
 c - a +0 kite shield (worn)
 k - a +0 chain mail (worn)
Jewellery
 h - an uncursed ring of ice
Scrolls
 g - a scroll of identify {unknown}
 i - a scroll of immolation {unknown}
 j - a scroll of magic mapping {unknown}
 l - 2 scrolls of random uselessness {unknown}
 n - a scroll of fear {unknown}
Potions
 b - a potion of haste {unknown}
 d - a potion of might
 e - a potion of flight {unknown}
 f - a potion of invisibility {unknown}
 m - a potion of curing {unknown}
 o - a potion of berserk rage {unknown}
 p - a potion of heal wounds {unknown}


   Skills:
 + Level 4.2 Fighting
 - Level 1.7 Axes
 - Level 2.6 Armour
 - Level 2.6 Shields


You had 2 spell levels left.
You didn't know any spells.
Your spell library was empty.

Dungeon Overview and Level Annotations

Branches:
Dungeon (1/15)

Altars:


Innate Abilities, Weirdness & Mutations

You have a somewhat thin skeletal structure. (Dex +2, Stealth)
You are partially covered in sharp spines.


Message History

You see here a spear.
You see here a +0 club.
There is a stone staircase leading down here.
You see here 16 poisoned darts.
You see here 16 bolts.
Found a leather armour.
A bat comes into view.
A bat is nearby!
The bat is struck by your spines. The bat hits you but does no damage.
You closely miss the bat.
The bat is heavily wounded.
The bat hits you but does no damage. You block the bat's attack.
You slash the bat!
You kill the bat!
You have reached level 3!
Your experience leads to an increase in your attributes!
Increase (S)trength, (I)ntelligence, or (D)exterity?
You feel stronger.
Your demonic ancestry asserts itself...
Your bones become slightly less dense.
Are you sure you want to abandon this character and quit the game? (Confirm with "yes".)

···············▒·[···
▒▒▒▒▒··········▒▒▒▒▒▒
▒▒▒▒▒▒▒▒··········▒▒▒▒
·····················▒
··········▒▒▒▒▒▒·····▒
··········▒ ▒·····▒
··········▒ ▒·····▒▒▒
··········▒ ▒▒········
······†@··▒ ▒·········
··········▒ ▒···▒▒····
··········▒ ▒···▒▒····
··········▒ ▒···▒▒····
··?·······▒ ▒···▒▒····
··········▒ ▒···▒▒····
··········▒ ▒···▒▒▒▒▒▒
▒▒▒▒▒▒▒▒▒▒▒ ▒···▒
▒▒▒▒▒


There were no monsters in sight!

Vanquished Creatures
  A dart slug (D:1)
  2 leopard geckos (D:1)
  3 bats (D:1)
  3 giant cockroaches (D:1)
  A goblin (D:1)
  4 hobgoblins (D:1)
  3 kobolds (D:1)
  3 frilled lizards (D:1)
  2 rats (D:1)
22 creatures vanquished.

Notes
Turn   | Place    | Note
-------+----------+-------------------------------------------
     0 | D:1      | Azzok the Demonspawn Fighter began the quest for the Orb.
     0 | D:1      | Reached XP level 1. HP: 18/18 MP: 1/1
   256 | D:1      | Gained mutation: You are partially covered in sharp spines.
                  | [demonic ancestry]
   256 | D:1      | Reached XP level 2. HP: 24/24 MP: 2/2
   541 | D:1      | Reached skill level 4 in Fighting
   791 | D:1      | Gained mutation: You have a somewhat thin skeletal
                  | structure. (Dex +2, Stealth) [demonic ancestry]
   791 | D:1      | Reached XP level 3. HP: 30/30 MP: 3/3
   792 | D:1      | Quit the game

Illustrated notes

Levels and vault maps discovered:
D:1:      heliophobic_arrival_dark_side_of_the_moon, layout_basic

Skill      XL: |  1  2 |
---------------+-------+-----
Fighting       | 4 |  4.2
Axes           | |  1.7
Armour         | |  2.6
Shields        | |  2.6

Action                   || total
-------------------------++-------
Melee: War axe           ||    60
Armor: Scale mail        ||    25
       Chain mail        ||     6
Dodge: Dodged            ||    18
Block: Kite shield       ||    35

Table legend: (Time is in decaauts)
 A = Elapsed time spent in this place.
 B = Non-inter-level travel time spent in this place.
 C = Inter-level travel time spent in this place.
 D = Time resting spent in this place.
 E = Time spent auto-exploring this place.
 F = Levels seen in this place.
 G = Mean time per level.
                   A        B        C        D        E       F      G
               +--------+--------+--------+--------+--------+-----+--------+
         Total |    820 |    820 |      0 |     63 |    580 |   1 |  820.0 |
       Dungeon |    820 |    820 |      0 |     63 |    580 |   1 |  820.0 |
               +--------+--------+--------+--------+--------+-----+--------+

Top non-repeatable levels by time:
     D:1: 820 daAuts
